Map: Arctic Dream LE

Players

qqq - Winner!

  • Race: Zerg Zerg
  • Spawn Location: 11:00

Massa - Winner!

  • Race: Terran Terran
  • League: Platinum
  • Spawn Location: 12:00

ZergDrachen

  • Race: Zerg Zerg
  • League: Gold
  • Spawn Location: 6:00

RaZoR

  • Race: Zerg Zerg
  • Spawn Location: 5:00

VOD

Have the link to the VOD?

Description

Time

  • Played on: Oct. 23, 2020, 3:37 p.m.
  • Length: 14:38
Show
View Real Time Build Order
Export as new Build Order

qqq Zerg - Winner!

Build Orders: Hatch First, Brood Lord Corruptor 

Get SALT Encoding   

  12  0:02  Drone  
  13  0:12  Drone  
  14  0:35  Hatchery  
  13  0:44  Drone  
  14  0:57  Spawning Pool  
  13  1:05  Overlord  
  13  1:08  Drone  
  14  1:11  Extractor  
  13  1:19  Drone  
  13  1:24  Drone  
  15  1:29  Drone  
  16  1:47  Drone  
  16  1:48  Drone  
  16  1:49  Queen  
  20  1:57  Spine Crawler  
  20  1:59  Drone  
  20  2:01  Drone  
  20  2:05  Drone  
  22  2:15  Drone  
  23  2:26  Zergling x4  
  25  2:41  Drone  
  25  2:42  Drone  
  25  2:43  Drone  
  28  2:47  Metabolic Boost  
  28  2:55  Overlord x2  
  28  3:00  Extractor  
  28  3:01  Drone  
  28  3:13  Queen, Overlord  
  28  3:19  Zergling x6  
  33  3:20  Drone x3  
  36  3:27  Lair  
  36  3:33  Drone  
  37  3:38  Drone x2  
  39  3:41  Extractor  
  39  3:42  Drone  
  39  3:46  Drone  
  39  3:47  Drone x2  
  42  4:10  Drone x2  
  44  4:25  Drone  
  44  4:26  Spire  
  44  4:27  Zergling x4, Overlord  
  44  4:28  Hatchery  
  44  4:29  Drone  
  44  4:30  Drone  
  47  4:41  Drone x3  
  47  4:43  Zergling x4  
  53  4:45  Zergling x2  
  53  4:49  Drone x2  
  55  4:53  Extractor  
  54  5:03  Drone  
  54  5:06  Overlord x3  
  54  5:19  Drone  
  55  5:23  Drone  
  55  5:24  Drone  
  55  5:25  Drone x3  
  59  5:39  Mutalisk x2  
  59  5:40  Mutalisk x3  
  67  5:54  Mutalisk x4  
  75  6:04  Drone x3  
  77  6:09  Hatchery  
  77  6:13  Mutalisk x2  
  81  6:19  Zerg Flyer Weapons Level 1  
  81  6:34  Drone  
  81  6:36  Overlord x2, Infestation Pit  
  81  6:37  Drone  
  81  6:38  Drone x2  
  84  6:40  Spore Crawler  
  84  6:42  Spore Crawler  
  84  6:45  Spore Crawler  
  84  6:47  Mutalisk x2  
  81  6:49  Zergling x6  
  81  6:50  Drone, Zergling x2  
  90  7:21  Mutalisk x3  
  96  7:31  Mutalisk  
  96  7:32  Mutalisk  
  96  7:33  Zergling x2  
  96  7:34  Drone x5  
  96  7:37  Extractor, Queen  
  106  7:38  Extractor  
  104  7:48  Spine Crawler  
  104  7:50  Mutalisk  
  104  7:51  Spine Crawler, Zergling x4  
  104  7:53  Overlord  
  104  7:54  Drone  
  105  8:18  Mutalisk, Hive  
  105  8:19  Mutalisk, Overlord x2  
  109  8:20  Overlord x2  
  109  8:32  Hatchery  
  104  8:52  Hatchery  
  104  8:54  Hatchery  
  98  9:37  Mutalisk x4  
  98  9:38  Mutalisk x2  
  108  9:41  Greater Spire  
  108  9:42  Drone x3  
  113  9:49  Drone, Mutalisk  
  113  9:50  Mutalisk  
  114  10:55  Corruptor x8  
  114  10:56  Corruptor x4  
  136  10:57  Drone x2  
  136  10:58  Drone x8  
  136  10:59  Drone x2  
  148  11:16  Overlord x2  
  148  11:17  Overlord x4  
  148  11:18  Drone x4  
  152  11:41  Brood Lord x3  
  152  11:42  Brood Lord x5  
  152  11:45  Drone x5  
  152  11:46  Drone x6  
  179  11:49  Extractor x2  
  179  11:51  Extractor  
  176  11:54  Extractor  
  176  12:08  Drone x3  
  176  12:09  Drone x3  
  176  12:11  Brood Lord  
  176  12:12  Brood Lord x2  
  177  12:35  Brood Lord, Corruptor x3  
  181  12:54  Zergling x8  
  181  12:55  Zergling x16  
  181  12:56  Zergling x4, Overlord x2  
  181  12:57  Overlord  
  195  13:13  Zergling x2  
  195  13:15  Brood Lord x2  
  155  13:48  Corruptor x3  
  155  13:49  Corruptor x2  
  148  14:23  Extractor  
Show
View Real Time Build Order
Export as new Build Order

Massa Terran - Winner!

Build Orders: Reaper Expand 

Get SALT Encoding   

  12  0:00  SCV  
  13  0:13  SCV  
  14  0:17  Supply Depot  
  14  0:25  SCV  
  15  0:39  SCV  
  15  0:40  Barracks  
  16  0:49  Refinery  
  16  0:51  SCV  
  17  1:03  SCV  
  18  1:15  SCV  
  19  1:27  Orbital Command  
  19  1:29  Supply Depot  
  19  1:34  Reaper  
  19  1:57  SCV  
  20  2:01  Command Center  
  20  2:06  Marine  
  21  2:09  SCV  
  22  2:17  Factory  
  22  2:21  SCV  
  23  2:28  Barracks Reactor  
  23  2:33  Refinery  
  23  2:34  SCV  
  24  2:48  SCV  
  25  3:01  SCV  
  26  3:08  Marine x2  
  28  3:17  Factory Reactor  
  28  3:20  Orbital Command, SCV  
  29  3:28  Command Center  
  29  3:31  Engineering Bay  
  29  3:32  Supply Depot  
  29  3:33  SCV  
  30  3:36  Marine x2  
  32  3:45  SCV  
  33  3:49  Starport  
  33  3:53  SCV  
  33  3:54  Marine x2  
  36  3:58  Hellion  
  40  4:03  Hellion  
  43  4:24  Hellion x2  
  43  4:26  Terran Infantry Weapons Level 1  
  43  4:28  Missile Turret  
  43  4:29  Medivac  
  45  4:35  SCV, Missile Turret  
  45  4:36  SCV  
  47  4:39  SCV  
  47  4:45  Hellion x2  
  52  4:48  SCV x2, Marine  
  52  4:49  Marine  
  56  4:58  Orbital Command  
  56  5:22  Widow Mine x2  
  56  5:24  Medivac  
  56  5:26  SCV x2  
  56  5:27  SCV  
  65  5:30  Refinery  
  65  5:32  Refinery  
  65  5:37  Barracks  
  65  5:38  SCV  
  65  5:39  SCV x2  
  68  5:50  SCV  
  68  5:51  Supply Depot  
  68  5:55  Supply Depot  
  68  5:56  Supply Depot  
  69  6:12  Widow Mine x2, Liberator  
  68  6:20  Supply Depot  
  68  6:21  Marine x2  
  68  6:22  Supply Depot  
  70  6:31  Barracks Tech Lab  
  70  6:33  Terran Infantry Armor Level 1  
  70  6:34  Widow Mine x2  
  70  6:37  Armory  
  70  6:39  Marine  
  75  6:41  Missile Turret  
  75  6:42  Missile Turret  
  75  6:46  Missile Turret  
  75  6:47  Missile Turret  
  75  6:49  Missile Turret  
  75  6:54  SCV x2  
  75  6:55  SCV  
  78  7:06  SCV x2, Missile Turret  
  78  7:07  SCV  
  78  7:08  Missile Turret  
  81  7:12  Missile Turret  
  73  8:06  Medivac  
  73  8:09  Marauder, Marine  
  73  8:10  Marine  
  79  8:20  Orbital Command  
  79  8:21  Barracks  
  79  8:22  Factory Tech Lab  
  79  8:27  Marine, Command Center  
  79  8:28  Marine  
  79  8:31  Marauder, Command Center  
  83  8:36  Medivac  
  83  8:45  Marine  
  83  8:46  Marine  
  81  8:52  Marauder  
  81  8:54  Stimpack  
  81  9:03  Barracks, Marine x2  
  81  9:06  Barracks  
  81  9:09  SCV  
  81  9:10  SCV x2  
  81  9:13  Marauder  
  81  9:14  Liberator  
  81  9:16  Marine  
  89  9:17  Marine  
  89  9:20  Siege Tank  
  89  9:21  SCV, Marine x2  
  89  9:22  SCV x2  
  98  9:34  SCV x3, Marine  
  98  9:35  Marauder, Marine  
  105  9:39  Marine x2  
  107  9:46  Terran Infantry Armor Level 2, SCV x3  
  107  9:48  Terran Vehicle Weapons Level 1  
  107  9:52  Marine x2, Orbital Command x2, Engineering Bay, Siege Tank  
  114  9:56  Marauder, Marine  
  114  9:57  Liberator  
  119  10:00  Barracks  
  119  10:03  Drilling Claws  
  119  10:17  Refinery  
  119  10:18  Marauder  
  119  10:20  Refinery  
  121  10:21  Factory  
  121  10:23  Factory  
  121  10:24  Factory, Siege Tank  
  121  10:27  Marine x2  
  121  10:28  Marine x2  
  128  10:30  Barracks Tech Lab x2  
  128  10:34  Terran Infantry Weapons Level 2, Combat Shield  
  128  10:39  Marauder  
  130  10:45  Marine x4  
  130  10:46  SCV  
  130  10:47  SCV x3  
  138  10:59  SCV  
  139  11:05  Supply Depot  
  139  11:07  Supply Depot  
  139  11:08  Supply Depot x4  
  139  11:09  Orbital Command  
  139  11:10  Supply Depot  
  139  11:11  Supply Depot x2  
  139  11:13  Factory Reactor x3  
  139  11:24  Armory  
  139  11:26  Marine  
  139  11:27  SCV x2, Marauder, Siege Tank  
  139  11:29  SCV x2, Marine x2, Concussive Shells  
  139  11:31  Supply Depot x2  
  151  11:34  Supply Depot  
  151  11:36  Supply Depot  
  151  11:39  SCV x3  
  154  11:41  SCV x2  
  154  11:42  Terran Vehicle And Ship Armor Level 1  
  156  11:48  Marauder  
  156  11:50  Widow Mine x6, Barracks Reactor  
  156  11:51  SCV x3  
  156  11:53  SCV x2  
  175  12:03  SCV x3  
  175  12:05  SCV x2  
  176  12:10  Marauder  
  176  12:11  Widow Mine  
  176  12:12  Widow Mine x5  
  176  12:15  SCV  
  186  12:24  SCV x3  
  186  12:27  SCV  
  190  12:36  SCV x3  
  193  12:39  Widow Mine, Siege Tank  
  193  12:40  Widow Mine  
  184  13:11  Siege Tank  
  184  13:13  Orbital Command  
  146  13:44  Marauder  
  146  13:45  Marauder x2, Marine  
  146  13:46  Marine x5  
  146  13:47  Thor  
  164  13:49  Widow Mine x4  
  164  13:50  Widow Mine x2  
  176  14:03  Marine x3  
  176  14:04  Marine x3  
  176  14:06  Marauder x3  
  178  14:10  Widow Mine x2  
  178  14:11  Widow Mine x3  
Show
View Real Time Build Order
Export as new Build Order

ZergDrachen Zerg 

Build Orders: Hatch First, Lurkers 

Get SALT Encoding   

  12  0:01  Drone  
  13  0:09  Drone  
  14  0:16  Overlord  
  14  0:43  Hatchery  
  14  0:49  Drone x2  
  15  0:53  Drone  
  16  1:02  Drone  
  17  1:13  Drone  
  18  1:23  Spawning Pool  
  17  1:27  Drone  
  18  1:38  Drone  
  19  1:41  Extractor  
  18  2:21  Spine Crawler  
  17  2:24  Zergling x2  
  17  2:25  Zergling x10  
  23  2:31  Queen x2  
  27  2:42  Spine Crawler  
  23  3:12  Drone x2  
  25  3:13  Drone x3  
  28  3:37  Overlord x2  
  28  3:46  Overlord  
  28  3:50  Overlord  
  28  4:01  Zergling x12  
  28  4:02  Zergling x2  
  35  4:05  Metabolic Boost  
  35  4:10  Drone  
  35  4:12  Extractor x2  
  35  4:14  Queen  
  36  4:33  Drone  
  36  4:34  Drone x4  
  41  4:40  Lair  
  41  4:48  Drone  
  41  4:49  Drone x6  
  48  5:00  Overlord  
  48  5:17  Drone x2  
  48  5:18  Drone x7  
  57  5:26  Drone  
  57  5:27  Extractor  
  57  5:54  Extractor  
  57  5:55  Hatchery  
  57  5:56  Extractor  
  41  6:33  Spore Crawler x2  
  41  6:37  Hydralisk Den  
  41  6:38  Spore Crawler  
  41  6:39  Spore Crawler  
  36  6:40  Drone  
  36  6:41  Drone x3, Evolution Chamber x2  
  36  6:42  Drone  
  36  6:43  Drone  
  40  7:05  Drone x3  
  40  7:07  Drone x2  
  40  7:08  Drone x4  
  47  7:09  Drone x4  
  53  7:31  Overlord x4  
  53  7:35  Grooved Spines  
  53  7:37  Zerg Missile Weapons Level 1  
  53  7:44  Infestation Pit  
  53  7:49  Drone x2  
  53  7:50  Drone  
  50  8:02  Overseer  
  50  8:03  Overseer  
  38  8:23  Hydralisk x2  
  42  8:46  Muscular Augments  
  42  8:47  Pneumatized Carapace  
  42  8:48  Queen, Burrow  
  26  9:04  Spore Crawler  
  19  9:21  Drone  
  19  9:22  Drone  
  13  9:59  Queen  
  13  10:04  Hive  
  13  10:05  Zerg Ground Armor Level 1, Zerg Missile Weapons Level 2  
  15  10:09  Drone x13  
  28  10:28  Drone x2  
  28  10:29  Drone  
  28  10:30  Drone  
  32  10:37  Drone x2  
  34  10:45  Drone x2  
  34  10:46  Drone  
  34  10:47  Drone x2  
  34  10:49  Drone  
  40  10:58  Drone x4  
  40  11:00  Drone  
  45  11:12  Hydralisk x2  
  49  11:20  Lurker Den  
  46  11:34  Hydralisk  
  46  11:35  Hydralisk  
  46  11:38  Overlord x2  
  46  11:39  Overlord x3  
  50  12:00  Drone  
  51  12:02  Drone x3  
  51  12:04  Drone  
  51  12:05  Drone x4  
  59  12:21  Hydralisk  
  59  12:22  Hydralisk x3  
  67  12:26  Lurker x4  
  71  12:31  Seismic Spines  
  71  12:32  Spawning Pool  
  70  12:44  Hydralisk  
  70  12:46  Hydralisk  
  74  12:54  Lurker  
  74  12:55  Lurker x3  
  78  13:28  Adaptive Talons  
  78  13:36  Hydralisk x6  
  87  13:53  Hydralisk  
  89  13:55  Overlord  
  89  13:56  Overlord x4  
Show
View Real Time Build Order
Export as new Build Order

RaZoR Zerg 

Build Orders: Hatch First 

Get SALT Encoding   

  12  0:00  Drone  
  13  0:08  Drone  
  14  0:17  Overlord  
  14  0:38  Drone x3  
  17  0:49  Drone  
  18  0:57  Hatchery  
  17  1:09  Spawning Pool  
  16  1:11  Extractor  
  16  1:13  Drone  
  16  1:28  Drone x2  
  18  1:35  Overlord  
  18  1:56  Queen  
  18  1:57  Drone x2  
  22  2:03  Overlord  
  22  2:09  Queen  
  22  2:10  Drone  
  25  2:25  Roach Warren, Metabolic Boost  
  25  2:28  Drone  
  25  2:31  Drone  
  25  2:35  Drone  
  27  2:49  Drone  
  28  2:53  Zergling x8  
  32  3:07  Lair  
  32  3:09  Extractor  
  32  3:11  Drone x3  
  34  3:20  Drone  
  35  3:32  Overlord  
  35  3:46  Drone x6  
  35  3:47  Drone x2  
  43  3:56  Hatchery  
  42  4:06  Pneumatized Carapace  
  42  4:25  Drone  
  42  4:26  Drone x7  
  42  4:27  Drone x2  
  52  4:35  Overseer  
  52  4:42  Overlord  
  52  4:43  Overlord x4  
  52  4:50  Extractor x2, Spore Crawler  
  49  5:10  Drone  
  49  5:11  Drone x5, Queen  
  57  5:42  Zergling x14  
  63  5:43  Zergling x4  
  63  5:46  Spine Crawler  
  61  5:53  Zergling x6  
  64  6:04  Glial Reconstitution  
  64  6:05  Drone x3  
  67  6:18  Drone  
  67  6:19  Drone  
  67  6:20  Roach  
  67  6:21  Roach  
  73  6:29  Spore Crawler  
  73  6:31  Spore Crawler  
  73  6:32  Drone x4  
  75  6:33  Drone x2  
  75  6:37  Spore Crawler  
  75  6:38  Spore Crawler  
  75  6:40  Evolution Chamber  
  75  6:42  Evolution Chamber  
  75  6:43  Hydralisk Den  
  72  6:49  Spore Crawler  
  72  6:51  Spore Crawler  
  72  6:52  Extractor  
  72  6:53  Extractor  
  68  6:55  Drone x3  
  68  6:56  Drone x3  
  68  6:58  Overlord x3  
  74  7:18  Hydralisk x3  
  74  7:19  Hydralisk x6  
  84  7:28  Overseer  
  84  7:30  Roach  
  84  7:31  Roach x5  
  84  7:36  Drone  
  97  7:49  Hydralisk x3  
  97  7:50  Hydralisk x3  
  108  8:03  Zerg Missile Weapons Level 1, Muscular Augments  
  108  8:32  Hydralisk  
  108  8:33  Hydralisk x6  
  108  9:03  Drone x2  
  108  9:04  Drone x6  
  112  9:14  Grooved Spines  
  112  9:24  Drone x3  
  112  9:25  Hydralisk x3  
  119  9:58  Hydralisk  
  120  10:00  Overlord x3  
  120  10:05  Drone  
  121  10:37  Overlord x2  
  121  10:38  Overseer  
  121  10:40  Hydralisk  
  121  10:41  Hydralisk  
  125  10:51  Queen  
  125  11:00  Infestation Pit  
  125  11:01  Zerg Ground Armor Level 1, Zerg Missile Weapons Level 2  
  124  11:12  Hydralisk x2  
  124  11:13  Hydralisk x11  
  150  11:33  Hydralisk x2  
  154  12:08  Overlord x3  
  154  12:09  Overlord x3  
  152  12:28  Zergling x2  
  152  12:29  Zergling x24  
  163  12:35  Hive  
  163  12:51  Zergling x12  
  169  13:04  Zergling x8  
  141  13:19  Zergling x2  
  136  13:20  Zergling x4  
  133  13:36  Hydralisk  
  133  13:37  Hydralisk x5  
  89  14:08  Hydralisk x7  
  89  14:09  Hydralisk x2  
  91  14:19  Overseer  
Tags
 
Add a new tag
Caveats
  • Supply blocks, unpowered buildings, or Contaminate may cause inaccurate times.
  • Supply counts are checked every 10 seconds.